 Dungeon Crawl Stone Soup version 0.28.0-53-g5a82cb258f (webtiles) character file.

Game seed: 7824517280697123850

567 Plasmagod the Chopper (level 7, -1/36 HPs)
             Began as a Vine Stalker Fighter on Aug 2, 2022.
             Succumbed to Edmund's poison
             ... on level 4 of the Dungeon.
             The game lasted 00:06:24 (3517 turns).

Plasmagod the Chopper (Vine Stalker Fighter)        Turns: 3517, Time: 00:06:25

Health: -1/36      AC: 10    Str: 27    XL:     7   Next: 33%
Magic:  2/8        EV:  8    Int:  8    God:
Gold:   301        SH:  4    Dex: 13    Spells: 6/6 levels left

rFire   . . .      SeeInvis .   a - +0 war axe
rCold   . . .      Faith    .   c - +0 buckler
rNeg    . . .      Spirit   +   w - +0 chain mail
rPois   .          Reflect  .   (no helmet)
rElec   .          Harm     .   (no cloak)
rCorr   .          Rampage  .   k - +0 pair of gloves
Will    .....                   (no boots)
Stlth   ..........              (no amulet)
HPRegen 0.92/turn               i - +6 ring of strength
MPRegen 0.11/turn               o - +4 ring of slaying

@: lethally poisoned (-1 -> -21), hasted, very quick
A: fangs 2, regeneration 1, magic shield, antimagic bite, no potion heal 2
a: no special abilities


You were on level 4 of the Dungeon.
You visited 1 branch of the dungeon, and saw 5 of its levels.

You collected 301 gold pieces.

Inventory:

Hand Weapons
 a - a +0 war axe (weapon)
Armour
 c - a +0 buckler (worn)
 k - a +0 pair of gloves (worn)
 w - a +0 chain mail (worn)
Jewellery
 i - a +6 ring of strength (left hand)
 o - a +4 ring of slaying (right hand)
 r - a +6 ring of intelligence
Wands
 v - a wand of polymorph (12)
Scrolls
 g - 6 scrolls of identify {unknown}
 h - a scroll of magic mapping {unknown}
 j - 3 scrolls of teleportation {unknown}
 l - 2 scrolls of enchant armour {unknown}
 n - a scroll of enchant weapon {unknown}
 p - a scroll of fog {unknown}
 x - a scroll of fear {unknown}
Potions
 b - a potion of resistance {unknown}
 d - 2 potions of might
 e - a potion of cancellation {unknown}
 f - a potion of ambrosia {unknown}
 m - a potion of degeneration {unknown}
 q - a potion of berserk rage {unknown}
 s - a potion of haste
 t - a potion of flight {unknown}
 u - a potion of mutation {unknown}


   Skills:
 - Level 3.0 Fighting
 * Level 6.8 Axes
 - Level 2.7 Armour
 - Level 2.9 Shields


You had 6 spell levels left.
You didn't know any spells.
Your spell library contained the following spells:

 Spells                   Type           Power      Damage    Failure   Level
 Sandblast                Erth           0%         2d4       98%         1
 Corpse Rot               Necr/Air       0%         N/A       99%         2
 Passwall                 Tmut/Erth      0%         N/A       99%         2
 Poisonous Vapours        Pois/Air       0%         N/A       99%         2
 Stone Arrow              Conj/Erth      0%         3d7       100%        3
 Malign Gateway           Summ/Tloc      0%         N/A       100%        7
 Summon Horrible Things   Summ           0%         N/A       100%        8


Dungeon Overview and Level Annotations

Branches:
Dungeon (5/15)
 Temple: D:4-7

Altars:
Nemelex Xobeh
Wu Jian

Shops:
D:4 !(=[

Annotations:
D:4 Edmund
D:5 2 transporters, Menkaure; Placeboclown's ghost, novice VSFi


Innate Abilities, Weirdness & Mutations

You have extremely sharp teeth.
Your natural rate of healing is unusually fast.
When hurt, damage is shared between your health and your magic reserves.
Your bite disrupts and absorbs the magic of your enemies.
Potions cannot restore your health.


Message History

An adder comes into view.
The adder hisses angrily.
You see here 16 bolts.
Menkaure calls on the powers of darkness!
Your body is wracked with pain!
Edmund the Younger comes into view.
He is wielding a +1 dire flail of venom and wearing a +2 chain mail of fire resistance.
Edmund shouts!
Edmund moves out of view.
Edmund grinds his teeth, and then sighs.
Placeboclown's ghost says, "It's not the size of the blade that matters, it's how you use it."
Edmund hits you with a +1 dire flail of venom.
Edmund says, "People will remember me!
They'll remember me and die!"
There is a stone staircase leading up here.
Edmund hits you but does no damage.
You are poisoned.
You climb upwards.
You feel very sick.
There is a stone staircase leading down here.
You slash Edmund! You bite Edmund, but do no damage.
Edmund is lightly wounded.
You feel very sick. Edmund barely misses you.
Edmund hits you with a +1 dire flail of venom!
You are more poisoned.
You barely miss Edmund.
Edmund is lightly wounded.
You feel very sick. Edmund closely misses you.
You slash Edmund! You bite Edmund, but do no damage.
Edmund is moderately wounded.
You feel sick.
Edmund hits you with a +1 dire flail of venom!
* * * LOW HITPOINT WARNING * * *
You are lethally poisoned!
It was a potion of haste.
You feel yourself speed up.
* * * LOW HITPOINT WARNING * * *
You feel very sick. Edmund hits you but does no damage.
You are more poisoned.
You die...

########### #.......).# ########
#.........# #......# #.........#
#..†...#
#......@..###..)...#####
#########......>..'.'......'....
#..............@..###......#####
#............[......#....(.# #
#.........#####'###.#......#####
#.........# #.###.#######....#
#.........# #................'
#.........# #####.##.........#
#.........# #.##.........#
#.........# #..'.........#
#.........# ####......####


You could see Edmund.

Vanquished Creatures
  An ogre (D:4)
  2 scorpions (D:5)
  A water moccasin skeleton (D:4)
  A bullfrog zombie (D:5)
  A hound (D:4)
  A bullfrog skeleton (D:4)
  Natasha (thrice) (D:4)
  3 gnolls (D:4)
  5 adders
  An adder skeleton (D:4)
  A worm (D:5)
  A dart slug (D:4)
  An orc (D:4)
  9 ball pythons
  3 endoplasms
  2 giant cockroaches (D:2)
  15 goblins
  4 hobgoblins
  4 jackals (D:4)
  5 kobolds
  3 quokkas
  9 bats
  6 frilled lizards
  4 rats
86 creatures vanquished.

Notes
Turn   | Place    | Note
-------+----------+-------------------------------------------
     0 | D:1      | Plasmagod the Vine Stalker Fighter began the quest for the
                  | Orb.
     0 | D:1      | Reached XP level 1. HP: 11/11 MP: 2/2
   444 | D:1      | Reached XP level 2. HP: 16/16 MP: 3/3
   445 | D:1      | Reached skill level 2 in Axes
   734 | D:1      | Found a faded altar of an unknown god.
  1001 | D:2      | Reached XP level 3. HP: 20/20 MP: 4/4
  1695 | D:2      | Reached skill level 3 in Axes
  1695 | D:2      | Gained mutation: Your natural rate of healing is unusually
                  | fast. [Vine Stalker growth]
  1695 | D:2      | Reached XP level 4. HP: 10/24 MP: 5/5
  2340 | D:3      | Found a sparkling altar of Nemelex Xobeh.
  2654 | D:4      | Found Meiss's Weapon Boutique.
  2670 | D:4      | Reached skill level 4 in Axes
  2670 | D:4      | Reached XP level 5. HP: 26/28 MP: 6/6
  2696 | D:4      | Noticed Natasha
  2701 | D:4      | Killed Natasha
  2736 | D:4      | Reached skill level 5 in Axes
  2736 | D:4      | Reached XP level 6. HP: 32/32 MP: 5/7
  2790 | D:4      | Found Darargh's Jewellery Shoppe.
  2828 | D:4      | Found Nykiasta's Armour Shoppe.
  2864 | D:4      | Found an ornate altar of the Wu Jian Council.
  2973 | D:4      | Noticed Natasha
  2976 | D:4      | Killed Natasha
  3009 | D:4      | Found Garibb's Distillery.
  3045 | D:4      | Noticed Natasha
  3049 | D:4      | Killed Natasha
  3050 | D:4      | Reached skill level 6 in Axes
  3219 | D:5      | Entered Level 5 of the Dungeon
  3255 | D:5      | Reached XP level 7. HP: 36/36 MP: 8/8
  3385 | D:5      | Noticed Placeboclown's ghost (novice VSFi)
  3453 | D:5      | Found a transporter.
  3464 | D:5      | Found a transporter.
  3483 | D:5      | Noticed Menkaure
  3501 | D:5      | Noticed Edmund
  3517 | D:4      | Succumbed to Edmund's poison

Illustrated notes

Levels and vault maps discovered:
D:1:      dpeg_arrival_renting, layout_basic, nicolae_ecumenical_snake_handling,
          serial_glass, glass_columns_a, glass_columns_a, item_on_display_b,
          feat_on_display, item_on_display_a, item_on_display_a
D:2:      layout_basic
D:3:      layout_loops_ring, nemelex_diamond_rough_becter, nrook_mini_vaults,
          chequers_serial_rivers_micro_e, chequers_serial_rivers_room_a,
          minmay_fractal_squares_gapless_5
D:4:      layout_basic, amcnicky_altar_gilded, serial_shops,
          nicolae_shop_crystal, shop, shop, shop, uniq_natasha
D:5:      layout_rooms, okawaru_metal_pillars_3,
          gammafunk_temple_overflow_pools, temple_hall, gammafunk_ghost_arena,
          minmay_misc_feat_tiny, uniq_edmund, uniq_menkaure

Skill      XL: |  1  2  3  4  5  6 |
---------------+-------------------+-----
Axes           | 2 3 4 5 6 |  6.8
Fighting       | 3 |  3.0
Armour         | |  2.7
Shields        | |  2.9

Action                   |  1- 3 |  4- 6 |  7- 9 || total
-------------------------+-------+-------+-------++-------
Melee: War axe           |    85 |    89 |    12 ||   186
       Bite              |    15 |    20 |     6 ||    41
  Use: Potion            |       |       |     1 ||     1
Armor: Scale mail        |    36 |    28 |       ||    64
       Chain mail        |       |     1 |     4 ||     5
Dodge: Dodged            |    36 |    41 |     4 ||    81
Block: Buckler           |    17 |    25 |       ||    42
